TOP OF THE 1ST |
BlackIron Dragons batting - Pitching for Santa Fe Diablos : RHP Honorato Mota
|
Pitching: RHP Honorato Mota
|
|
Batting: RHB Dallas Blair
|
0-0: Ball 1-0: Ball 2-0: SINGLE (Groundball, 6M)
|
Batting: RHB José Colón
|
0-0: Ball Throwing error on steal attempt, E2 Dallas Blair to third 1-0: Ball 2-0: Ball 3-0: Base on Balls
|
Batting: RHB Jonah Duncan
|
0-0: Ball 1-0: Reached on error, E2 (Groundball, 25) Dallas Blair scores José Colón to third
|
Batting: RHB Cole Ball
|
0-0: SINGLE (Groundball, 15) (infield hit)
|
Batting: RHB Edgardo Carrasco
|
0-0: Ball 1-0: Foul Ball, location: 2F 1-1: Called Strike 1-2: Strikes out looking
|
Batting: RHB Kenneth Hilton
|
0-0: Swinging Strike 0-1: Ball 1-1: Foul Ball, location: 2F 1-2: Foul Ball, location: 2F 1-2: Strikes out swinging
|
Batting: LHB Culley Vaughan
|
0-0: SINGLE (Line Drive, 3D) José Colón scores Jonah Duncan to third Cole Ball to second Runner from 3rd tries for Home, SAFE, no throw or cutoff
|
Batting: RHB Joaquín Rosales
|
0-0: Fielders Choice at 2nd, 4-6 (Groundball, 6M)
|
Top of the 1st over - 3 run(s), 3 hit(s), 2 error(s), 1 left on base; BlackIron 3 - Santa Fe 0 |
BOTTOM OF THE 1ST |
Santa Fe Diablos batting - Pitching for BlackIron Dragons : RHP Foster Giles
|
Pitching: RHP Foster Giles
|
|
Batting: RHB Henning Huisman
|
0-0: Ball 1-0: Fly out, F4 (Popup, 4MD)
|
Batting: RHB Robert Johnson
|
0-0: Ball 1-0: Called Strike 1-1: Called Strike 1-2: Ball 2-2: Fly out, F4 (Line Drive, 34)
|
Batting: RHB Randy Sheppard
|
0-0: Foul Ball, location: 2F 0-1: Ball 1-1: Ground out 6-3 (Groundball, 6M)
|
Bottom of the 1st over - 0 run(s), 0 hit(s), 0 error(s), 0 left on base; BlackIron 3 - Santa Fe 0 |
TOP OF THE 2ND |
BlackIron Dragons batting - Pitching for Santa Fe Diablos : RHP Honorato Mota
|
Batting: RHB Boyd Pittman
|
0-0: Ball 1-0: Swinging Strike 1-1: Called Strike 1-2: Strikes out swinging
|
Batting: RHB Dallas Blair
|
0-0: Ball 1-0: Fly out, F8 (Line Drive, 8LM)
|
Batting: RHB José Colón
|
0-0: Called Strike 0-1: Ball 1-1: Swinging Strike 1-2: Strikes out looking
|
Top of the 2nd over - 0 run(s), 0 hit(s), 0 error(s), 0 left on base; BlackIron 3 - Santa Fe 0 |
BOTTOM OF THE 2ND |
Santa Fe Diablos batting - Pitching for BlackIron Dragons : RHP Foster Giles
|
Batting: SHB António Hernández
|
0-0: Foul Ball, location: 2F 0-1: DOUBLE (Flyball, 8LD)
|
Batting: LHB Roberto Sandoval
|
0-0: Fly out, F9 (Flyball, 9M)
|
Batting: RHB Wallace Greene
|
0-0: Called Strike 0-1: Ball 1-1: SINGLE (Line Drive, 34D) António Hernández to third Runner from 3rd tries for Home, SAFE, no throw or cutoff
|
Batting: RHB Arnold Harmon
|
0-0: Grounds into double play, 5-4-3 (Groundball, 5)
|
Bottom of the 2nd over - 1 run(s), 2 hit(s), 0 error(s), 0 left on base; BlackIron 3 - Santa Fe 1 |
TOP OF THE 3RD |
BlackIron Dragons batting - Pitching for Santa Fe Diablos : RHP Honorato Mota
|
Batting: RHB Jonah Duncan
|
0-0: Ball 1-0: Called Strike 1-1: Ball 2-1: SINGLE (Groundball, 25) (infield hit)
|
Batting: RHB Cole Ball
|
0-0: Called Strike 0-1: Swinging Strike 0-2: Ball 1-2: Foul Ball, location: 2F 1-2: Ball 2-2: Foul Ball, location: 2F 2-2: Foul Ball, location: 2F 2-2: Strikes out looking
|
Batting: RHB Edgardo Carrasco
|
0-0: Called Strike Throwing error on steal attempt, E2 Jonah Duncan to third 0-1: Fly out, F3 (Popup, 3F)
|
Batting: RHB Kenneth Hilton
|
0-0: DOUBLE (Line Drive, 89M) Jonah Duncan scores
|
Batting: LHB Culley Vaughan
|
0-0: Called Strike 0-1: Foul Ball, location: 2F 0-2: Foul Ball, location: 2F 0-2: Ball 1-2: Ball 2-2: Ball 3-2: Strikes out swinging
|
Top of the 3rd over - 1 run(s), 2 hit(s), 1 error(s), 1 left on base; BlackIron 4 - Santa Fe 1 |
BOTTOM OF THE 3RD |
Santa Fe Diablos batting - Pitching for BlackIron Dragons : RHP Foster Giles
|
Batting: LHB Don Soper
|
0-0: Ground out U3 (Groundball, 3)
|
Batting: RHB Keith Jones
|
0-0: Ball 1-0: Called Strike 1-1: Ball 2-1: Foul Ball, location: 2F 2-2: Strikes out swinging
|
Batting: RHB Henning Huisman
|
0-0: Ball 1-0: Foul Ball, location: 2F 1-1: SOLO HOME RUN (Flyball, 9D), Distance : 340 ft
|
Batting: RHB Robert Johnson
|
0-0: Called Strike 0-1: Ball 1-1: Swinging Strike 1-2: DOUBLE (Line Drive, 7LM)
|
Pinch Runner at 2nd Iván Gonzáles:
|
|
Batting: RHB Randy Sheppard
|
0-0: Ball 1-0: Swinging Strike 1-1: Ball 2-1: Ball 3-1: Ground out 6-3 (Groundball, 6)
|
Bottom of the 3rd over - 1 run(s), 2 hit(s), 0 error(s), 1 left on base; BlackIron 4 - Santa Fe 2 |
TOP OF THE 4TH |
BlackIron Dragons batting - Pitching for Santa Fe Diablos : RHP Honorato Mota
|
Batting: RHB Joaquín Rosales
|
0-0: Ball 1-0: Called Strike 1-1: Foul Ball, location: 2F 1-2: Ground out 6-3 (Groundball, 6M)
|
Batting: RHB Boyd Pittman
|
0-0: Called Strike 0-1: Foul Ball, location: 2F 0-2: Ball 1-2: Fly out, F4 (Line Drive, 4M)
|
Batting: RHB Dallas Blair
|
0-0: Foul Ball, location: 2F 0-1: Foul Ball, location: 2F 0-2: Foul Ball, location: 2F 0-2: Ball 1-2: Ball 2-2: Ball 3-2: Foul Ball, location: 2F 3-2: Base on Balls
|
Batting: RHB José Colón
|
0-0: Called Strike Dallas Blair is caught stealing 2nd base
|
Top of the 4th over - 0 run(s), 0 hit(s), 0 error(s), 0 left on base; BlackIron 4 - Santa Fe 2 |
BOTTOM OF THE 4TH |
Santa Fe Diablos batting - Pitching for BlackIron Dragons : RHP Foster Giles
|
Batting: SHB António Hernández
|
0-0: Ball 1-0: TRIPLE (Line Drive, 89XD)
|
Batting: LHB Roberto Sandoval
|
0-0: Fly out, F8 (Flyball, 8RM) Runner from 3rd tags up, SCORES, no throw
|
Batting: RHB Wallace Greene
|
0-0: Foul Ball, location: 2F 0-1: SINGLE (Line Drive, 4M)
|
Batting: RHB Arnold Harmon
|
0-0: Fly out, F9 (Popup, 9S)
|
Batting: LHB Don Soper
|
0-0: Ball 1-0: Called Strike 1-1: Ball Wallace Greene is caught stealing 2nd base
|
Bottom of the 4th over - 1 run(s), 2 hit(s), 0 error(s), 0 left on base; BlackIron 4 - Santa Fe 3 |
TOP OF THE 5TH |
BlackIron Dragons batting - Pitching for Santa Fe Diablos : RHP Honorato Mota
|
Batting: RHB José Colón
|
0-0: Called Strike 0-1: Ball 1-1: Ball 2-1: Ball 3-1: Foul Ball, location: 2F 3-2: Foul Ball, location: 2F 3-2: Strikes out looking
|
Batting: RHB Jonah Duncan
|
0-0: Ground out 6-3 (Groundball, 6M)
|
Batting: RHB Cole Ball
|
0-0: Called Strike 0-1: Ball 1-1: Ball 2-1: Called Strike 2-2: Ball 3-2: Strikes out swinging
|
Top of the 5th over - 0 run(s), 0 hit(s), 0 error(s), 0 left on base; BlackIron 4 - Santa Fe 3 |
BOTTOM OF THE 5TH |
Santa Fe Diablos batting - Pitching for BlackIron Dragons : RHP Foster Giles
|
Batting: LHB Don Soper
|
0-0: Ball 1-0: Foul Ball, location: 2F 1-1: Called Strike 1-2: SINGLE (Line Drive, 6MD)
|
Batting: RHB Keith Jones
|
0-0: Called Strike 0-1: Fly out, F9 (Flyball, 89S)
|
Batting: RHB Henning Huisman
|
0-0: Called Strike 0-1: Ball 1-1: Ball 2-1: Ball 3-1: Base on Balls Don Soper to second
|
Batting: RHB Iván Gonzáles
|
0-0: Called Strike 0-1: Called Strike 0-2: Ball 1-2: Foul Ball, location: 2F 1-2: Foul Ball, location: 2F 1-2: Fly out, F8 (Flyball, 8LD) Runner from 2nd tags up, SAFE at 3rd, no throw
|
Batting: RHB Randy Sheppard
|
0-0: Swinging Strike 0-1: Foul Ball, location: 2F 0-2: Ball Henning Huisman is caught stealing 2nd base
|
Bottom of the 5th over - 0 run(s), 1 hit(s), 0 error(s), 0 left on base; BlackIron 4 - Santa Fe 3 |
TOP OF THE 6TH |
BlackIron Dragons batting - Pitching for Santa Fe Diablos : RHP Honorato Mota
|
Batting: RHB Edgardo Carrasco
|
0-0: Called Strike 0-1: Ground out 4-3 (Groundball, 4M)
|
Batting: RHB Kenneth Hilton
|
0-0: Ball 1-0: Ball 2-0: Called Strike 2-1: Foul Ball, location: 2F 2-2: Ball 3-2: Foul Ball, location: 2F 3-2: Strikes out swinging
|
Batting: LHB Culley Vaughan
|
0-0: Called Strike 0-1: Ball 1-1: Called Strike 1-2: Strikes out swinging
|
Top of the 6th over - 0 run(s), 0 hit(s), 0 error(s), 0 left on base; BlackIron 4 - Santa Fe 3 |
BOTTOM OF THE 6TH |
Santa Fe Diablos batting - Pitching for BlackIron Dragons : RHP Foster Giles
|
Batting: RHB Randy Sheppard
|
0-0: Ball 1-0: Foul Ball, location: 2F 1-1: Ball 2-1: Ball 3-1: Base on Balls
|
Batting: SHB António Hernández
|
0-0: Ball 1-0: Foul Ball, location: 2F 1-1: Fielders Choice at 2nd, 5-4 (Groundball, 56)
|
Batting: LHB Roberto Sandoval
|
0-0: Called Strike 0-1: Ball 1-1: Ball 2-1: Fly out, F8 (Flyball, 8RS)
|
Batting: RHB Wallace Greene
|
0-0: Ball 1-0: Ball 2-0: Fly out, F6 (Line Drive, 6)
|
Bottom of the 6th over - 0 run(s), 0 hit(s), 0 error(s), 1 left on base; BlackIron 4 - Santa Fe 3 |
TOP OF THE 7TH |
BlackIron Dragons batting - Pitching for Santa Fe Diablos : RHP Honorato Mota
|
Pitching: RHP Clarence Allen
|
|
Batting: RHB Joaquín Rosales
|
0-0: Called Strike 0-1: Foul Ball, location: 2F 0-2: Foul Ball, location: 2F 0-2: Strikes out swinging
|
Batting: RHB Boyd Pittman
|
0-0: Ball 1-0: Ground out 4-3 (Groundball, 4)
|
Batting: RHB Dallas Blair
|
0-0: Called Strike 0-1: Ball 1-1: Foul Ball, location: 2F 1-2: Strikes out looking
|
Top of the 7th over - 0 run(s), 0 hit(s), 0 error(s), 0 left on base; BlackIron 4 - Santa Fe 3 |
BOTTOM OF THE 7TH |
Santa Fe Diablos batting - Pitching for BlackIron Dragons : RHP Foster Giles
|
Batting: RHB Arnold Harmon
|
0-0: Ball 1-0: Ball 2-0: Foul Ball, location: 2F 2-1: Swinging Strike 2-2: Ball 3-2: Strikes out looking
|
Batting: LHB Don Soper
|
0-0: Ball 1-0: Fly out, F7 (Flyball, 78M)
|
Batting: RHB Keith Jones
|
0-0: Swinging Strike 0-1: Swinging Strike 0-2: Strikes out swinging
|
Bottom of the 7th over - 0 run(s), 0 hit(s), 0 error(s), 0 left on base; BlackIron 4 - Santa Fe 3 |
TOP OF THE 8TH |
BlackIron Dragons batting - Pitching for Santa Fe Diablos : RHP Clarence Allen
|
Batting: RHB José Colón
|
0-0: Called Strike 0-1: Ball 1-1: Swinging Strike 1-2: Ball 2-2: Strikes out swinging
|
Batting: RHB Jonah Duncan
|
0-0: Swinging Strike 0-1: Ball 1-1: Ball 2-1: Swinging Strike 2-2: Strikes out looking
|
Batting: RHB Cole Ball
|
0-0: Called Strike 0-1: DOUBLE (Line Drive, 8LD)
|
Batting: RHB Edgardo Carrasco
|
0-0: Swinging Strike 0-1: Ball 1-1: Swinging Strike 1-2: Strikes out swinging
|
Top of the 8th over - 0 run(s), 1 hit(s), 0 error(s), 1 left on base; BlackIron 4 - Santa Fe 3 |
BOTTOM OF THE 8TH |
Santa Fe Diablos batting - Pitching for BlackIron Dragons : RHP Foster Giles
|
Now in RF: Manuel Cortéz
|
|
Batting: RHB Henning Huisman
|
0-0: Ball 1-0: Fly out, F9 (Flyball, 9M)
|
Batting: RHB Iván Gonzáles
|
0-0: Ball 1-0: Ball 2-0: Ball 3-0: Base on Balls
|
Pitching: RHP Luis Canseco
|
|
Pinch Runner at 1st Gerardo Álvarez:
|
|
Batting: RHB Randy Sheppard
|
0-0: Called Strike 0-1: Ball 1-1: Foul Ball, location: 2F 1-2: Ball 2-2: Strikes out swinging
|
Batting: SHB António Hernández
|
0-0: Foul Ball, location: 2F 0-1: Ball 1-1: Ball 2-1: Ball 3-1: Swinging Strike 3-2: Foul Ball, location: 2F 3-2: Foul Ball, location: 2F 3-2: Base on Balls Gerardo Álvarez to second
|
Pitching: LHP Frederick Cesti
|
|
Pinch Hitting: RHB Robinson Pacheco
|
0-0: Called Strike 0-1: Foul Ball, location: 2F 0-2: Ground out 5-3 (Groundball, 56)
|
Bottom of the 8th over - 0 run(s), 0 hit(s), 0 error(s), 2 left on base; BlackIron 4 - Santa Fe 3 |
TOP OF THE 9TH |
BlackIron Dragons batting - Pitching for Santa Fe Diablos : RHP Clarence Allen
|
Now at SS: Robinson Pacheco
|
|
Batting: RHB Kenneth Hilton
|
0-0: Foul Ball, location: 2F 0-1: Foul Ball, location: 2F 0-2: Strikes out looking
|
Pitching: LHP Columbo Briatori
|
|
Batting: LHB Culley Vaughan
|
0-0: Ball 1-0: Ground out U3 (Groundball, 3S)
|
Pitching: RHP Jonathan Long
|
|
Batting: RHB Joaquín Rosales
|
0-0: Ball 1-0: Swinging Strike 1-1: Called Strike 1-2: Ball 2-2: Foul Ball, location: 2F 2-2: Strikes out swinging
|
Top of the 9th over - 0 run(s), 0 hit(s), 0 error(s), 0 left on base; BlackIron 4 - Santa Fe 3 |
BOTTOM OF THE 9TH |
Santa Fe Diablos batting - Pitching for BlackIron Dragons : LHP Frederick Cesti
|
Pitching: RHP César Rúbio
|
|
Batting: RHB Wallace Greene
|
0-0: Ground out 6-3 (Groundball, 6)
|
Pinch Hitting: RHB Orlando González
|
0-0: Ball 1-0: Foul Ball, location: 2F 1-1: Foul Ball, location: 2F 1-2: Fly out, F8 (Flyball, 8RXD)
|
Batting: LHB Don Soper
|
0-0: Called Strike 0-1: Swinging Strike 0-2: Foul Ball, location: 2F 0-2: Strikes out swinging
|
Bottom of the 9th over - 0 run(s), 0 hit(s), 0 error(s), 0 left on base; BlackIron 4 - Santa Fe 3 |
|